 Dungeon Crawl Stone Soup version 0.31.0-11-ge490571c62 (webtiles) character file.

Game seed: 2344779305505951265

4202 jestert79 the Basher (level 10, -8/78 (80) HPs)
             Began as a Green Draconian Wanderer on Feb 4, 2024.
             Was a Priest of Fedhas.
             Killed by the air
             ... invoked by Jeremiah the wind drake
              (18 damage)
             ... on level 7 of the Dungeon.
             The game lasted 00:28:17 (7422 turns).

jestert79 the Basher (Green Draconian Wanderer)     Turns: 7422, Time: 00:28:20

HP:   -8/78 (80)    AC:  7    Str: 16    XL:     10   Next: 8%
MP:   11/11         EV: 14    Int: 14    God:    Fedhas [***...]
Gold: 495           SH:  6    Dex: 21    Spells: 9/11 levels left

rFire   . . .        h - +5 mace "Samog" {freeze, rPois Dex+3}
rCold   . . .        c - +0 buckler
rNeg    . . .        (body armour unavailable)
rPois   +            (helmet restricted)
rElec   .            (no cloak)
rCorr   .            (no gloves)
SInv    .            (no boots)
Will    .....        (no amulet)
Stlth   ++           e - +6 ring of dexterity
HPRegen 0.33/turn    D - +4 ring of slaying
MPRegen 0.12/turn

%: no passive effects
@: lightly drained
A: breathe noxious fumes, AC +7, unfitting armour, poison resistance,
cold-blooded
a: Breathe Noxious Fumes, Renounce Religion, Wall of Briars, Grow Ballistomycete


You were on level 7 of the Dungeon.
You worshipped Fedhas.
Fedhas was most pleased with you.
You visited 2 branches of the dungeon, and saw 8 of its levels.
You also visited: Ossuary.

You collected 495 gold pieces.

Inventory:

Hand Weapons
 a - a +2 mace of flaming
 b - a +0 quarterstaff
 f - a +0 flail
 h - the +5 mace "Samog" (weapon) {freeze, rPois Dex+3}
   (You found it on level 2 of the Dungeon)

   Dex+3:     It affects your dexterity (+3).
   rPois:     It protects you from poison
 C - a +0 flail of draining
Missiles
 q - a throwing net
 v - 4 poisoned darts (quivered)
Armour
 c - a +0 buckler (worn)
Magical Staves
 i - the staff of the Charred God {rElec rN+ MP+9 Air}
   (You found it on level 2 of the Dungeon)

   [staff of air]

   Base accuracy: +5 Base damage: 5 Base attack delay: 1.2 This weapon's minimum
   attack delay (0.6) is reached at skill level 12.
   rElec:     It insulates you from electricity.
   rN+:       It protects you from negative energy.
   MP+9:      It affects your magic capacity (+9).
   Air:       It increases the power of your Air spells.
   It falls into the 'Staves' category.
   It is a one-handed weapon.
 F - a staff of fire
Jewellery
 e - a +6 ring of dexterity (left hand)
 D - a +4 ring of slaying (right hand)
Wands
 j - a wand of polymorph (4)
 n - a wand of mindburst (13)
 t - a wand of charming (30)
 y - a wand of flame (48)
Scrolls
 d - 3 scrolls of blinking
 g - a scroll of revelation
 k - 5 scrolls of teleportation
 l - a scroll of silence
 o - 4 scrolls of vulnerability
 r - a scroll of torment
 x - a scroll of fear
 z - a scroll of brand weapon
 E - a scroll of poison
 G - 2 scrolls of identify
 H - a scroll of fog
 I - a scroll of immolation
Potions
 m - 3 potions of curing
 p - a potion of enlightenment
 s - 4 potions of cancellation
 u - 2 potions of lignification
 w - a potion of brilliance
 A - a potion of mutation
 B - 2 potions of haste


   Skills:
 + Level 4.6 Fighting
 * Level 11.8(11.9) Maces & Flails
 - Level 2.0(7.8) Staves
 + Level 3.8 Dodging
 - Level 1.0 Stealth
 + Level 4.7 Shields
 - Level 1.0 Spellcasting
 - Level 3.3 Fire Magic
 - Level 1.0 Invocations
 - Level 3.0 Evocations


You had 9 spell levels left.
You knew the following spells:

 Your Spells              Type           Power      Damage    Failure   Level
a - Scorch                Fire           20%        2d5       13%         2

Your spell library contained the following spells:

 Spells                   Type           Power      Damage    Failure   Level
 Kiss of Death            Conj/Necr      0%         2d5       32%         1
 Lesser Beckoning         Tloc           0%         N/A       45%         2
 Volatile Blastmotes      Fire/Tloc      10%        2d10      45%         3
 Dazzling Flash           Conj/Hex       0%         N/A       69%         3
 Gell's Gravitas          Tloc           0%         N/A       69%         3
 Teleport Other           Tloc           0%         N/A       69%         3
 Flame Wave               Conj/Fire      5%         2d5       86%         4
 Starburst                Conj/Fire      2%         6d3       100%        6
 Summon Cactus Giant      Summ           0%         N/A       100%        6
 Maxwell's Capacitive Co  Air            0%         ∞         100%        8


Dungeon Overview and Level Annotations

Branches:
Dungeon (7/15)             Temple (1/1) D:6         Ossuary (visited)

Altars:
Cheibriados
Dithmenos
Fedhas
Gozag
Makhleb
Okawaru
Qazlal
Ru
Sif Muna
Trog
Uskayaw
Vehumet
Wu Jian
Yredelemnul
Zin
The Shining One

Annotations:
D:7 Jeremiah


Innate Abilities, Weirdness & Mutations

You can breathe blasts of noxious fumes.
Your lurid green scales are hard. (AC +7)
You cannot fit into any form of body armour.
Your system is resistant to poisons. (rPois)
You are cold-blooded and may be slowed by cold attacks.


Message History

Press: ? - help, Shift-Dir - straight line, f/p - Jeremiah
Aim: Jeremiah the wind drake (moderately wounded, repelling missiles, confused, chance to affect: 60%) Jeremiah resists with significant effort.
Unknown command.
Aiming: Mindburst
Press: ? - help, Shift-Dir - straight line, f/p - Jeremiah
Aim: Jeremiah the wind drake (moderately wounded, repelling missiles, confused, chance to affect: 60%) Jeremiah resists with significant effort.
Aiming: Mindburst
Press: ? - help, Shift-Dir - straight line, f/p - Jeremiah
Aim: Jeremiah the wind drake (moderately wounded, repelling missiles, confused, chance to affect: 60%) Jeremiah resists with significant effort.
Aiming: Mindburst
Press: ? - help, Shift-Dir - straight line, f/p - Jeremiah
Aim: Jeremiah the wind drake (moderately wounded, repelling missiles, confused, chance to affect: 60%) Jeremiah resists with significant effort.
Jeremiah bites you but does no damage.
You completely miss Jeremiah.
Jeremiah is moderately wounded.
Jeremiah bites you but does no damage.
You sock Jeremiah! You freeze Jeremiah.
Jeremiah is heavily wounded.
You closely miss Jeremiah.
Jeremiah is heavily wounded.
Jeremiah bites you.
You barely miss Jeremiah.
Jeremiah is heavily wounded.
You sock Jeremiah! You freeze Jeremiah.
Jeremiah is severely wounded.
Jeremiah seems less confused.
Jeremiah flaps its wings at you. The air twists around and strikes you!!
* * * LOW HITPOINT WARNING * * *
You sock Jeremiah! You freeze Jeremiah.
Jeremiah is almost dead.
You have got your breath back.
Jeremiah flaps its wings at you. The air twists around and strikes you!!
You die...
Fedhas appreciates your contribution to the ecosystem. **,*###.....b.#,......##.# #. ,,,*#......##.#*###....#.# ##. ****#......##.# #......# #.. * #......†..# ##...### ####yy * #.....###.# #...# #.yhyy

##**#.....###.# #...#####.##hy
b..,##.b.....)######...##.##y##..
....##b.#.##................(##..
.......$#.##.#..@...............#
.b..##.#..##...k............y####
...,*#.#.###.#######...##.##.....
..,,,#.......# #...########..
#***,###.##### #...# #.#
****,**#.# #...# #.# *,,,,,,,,#
###...## #.# *,**,*****
#......#### #.# ,,,,,*
#########.#.......# #..


You could see Jeremiah the wind drake (repels missiles).

Vanquished Creatures
  Pikel (D:7)
  Joseph (D:7)
  6 yaks (D:7)
  Menkaure (Ossuary)
  2 water moccasins (D:6)
  A sky beast (D:4)
  5 ogres
  2 ice beasts (D:6)
  A centaur (D:5)
  3 lemures (D:7)
  A phantom (D:7)
  A bullfrog (D:7)
  3 scorpions
  A howler monkey (D:6)
  2 bombardier beetles (D:5)
  2 hounds
  5 jellies
  An orc priest (D:6)
  6 iguanas
  2 bullfrog skeletons (D:7)
  Jessica (D:2)
  3 orc wizards
  A scorpion zombie (D:7)
  A killer bee zombie (D:7)
  3 mummies (Ossuary)
  Robin (D:3)
  8 adders
  2 white imps
  3 ufetubi (D:6)
  4 ribbon worms
  2 dart slugs (D:4)
  20 orcs
  8 ball pythons
  6 endoplasms
  5 giant cockroaches
  4 gnoll zombies (Ossuary)
  25 goblins
  11 hobgoblins
  7 jackals
  9 kobolds
  2 quokkas
  6 bats
  5 frilled lizards
  5 gnoll skeletons (Ossuary)
  6 goblin skeletons (Ossuary)
  A goblin zombie (Ossuary)
  6 hobgoblin skeletons (Ossuary)
  6 hobgoblin zombies (Ossuary)
  3 kobold skeletons (Ossuary)
  5 kobold zombies (Ossuary)
  2 orc skeletons (Ossuary)
  4 orc zombies (Ossuary)
  A rat (D:1)
  3 rat skeletons (Ossuary)
  5 rat zombies (Ossuary)
231 creatures vanquished.

Vanquished Creatures (collateral kills)
  A steam dragon (D:5)
  A jelly (D:6)
2 creatures vanquished.

Vanquished Creatures (others)
  A wight (D:6)
1 creature vanquished.

Grand Total: 234 creatures vanquished

Notes
Turn   | Place    | Note
-------+----------+-------------------------------------------
     0 | D:1      | jestert79 the Draconian Wanderer began the quest for the
                  | Orb.
     0 | D:1      | jestert79 set off with the following items: a +2 mace, a +0
                  | quarterstaff, a +0 buckler, a scroll of blinking.
     0 | D:1      | Reached XP level 1. HP: 14/14 MP: 2/2
   375 | D:1      | Reached XP level 2. HP: 18/20 MP: 3/3
   570 | D:1      | Reached skill level 4 in Maces & Flails
   731 | D:1      | Reached XP level 3. HP: 26/26 MP: 4/4
   764 | D:2      | Identified the +5 mace "Samog" {freeze, rPois Dex+3}
   816 | D:2      | Noticed Jessica
   846 | D:2      | Killed Jessica
   888 | D:2      | Identified the staff of the Charred God {rElec rN+ MP+9
                  | Air}
   907 | D:2      | Reached skill level 5 in Maces & Flails
   907 | D:2      | Reached XP level 4. HP: 32/33 MP: 5/5
  1009 | D:2      | Found a glowing silver altar of Zin.
  1421 | D:3      | Noticed Ijyb
  1424 | D:3      | Ijyb changed into Ijyb the orc
  1424 | D:3      | Noticed Ijyb
  1427 | D:3      | Killed Ijyb the orc
  1674 | D:3      | Found a stormy altar of Qazlal.
  1730 | D:3      | Found a burning altar of Makhleb.
  1819 | D:3      | Reached XP level 5. HP: 38/38 MP: 6/6
  1830 | D:3      | Found a faded altar of an unknown god.
  1836 | D:3      | Got Plato's Grimoire of the Undead
  1892 | D:3      | Reached skill level 6 in Maces & Flails
  2102 | D:3      | Found an opulent altar of Gozag.
  2226 | D:3      | Found a glowing golden altar of the Shining One.
  2477 | D:3      | Noticed Robin
  2486 | D:3      | Killed Robin
  2756 | D:4      | Reached XP level 6. HP: 45/45 MP: 7/7
  2859 | D:4      | Noticed a sky beast
  3249 | D:4      | Killed a sky beast
  3250 | D:4      | Reached skill level 7 in Maces & Flails
  3522 | D:5      | Entered Level 5 of the Dungeon
  3589 | D:5      | Reached skill level 8 in Maces & Flails
  3589 | D:5      | Your scales start taking on a lurid green colour.
  3589 | D:5      | Reached XP level 7. HP: 50/50 MP: 8/8
  3589 | D:5      | Gained mutation: Your system is resistant to poisons.
                  | (rPois) [Green Draconian growth]
  3737 | D:5      | Reached skill level 1 in Evocations
  3937 | D:5      | Noticed a steam dragon
  3939 | D:5      | Reached skill level 9 in Maces & Flails
  3943 | D:5      | Killed a steam dragon
  3944 | D:5      | Reached XP level 8. HP: 21/57 MP: 9/9
  4105 | D:5      | Found an ornate altar of the Wu Jian Council.
  4557 | D:6      | Reached skill level 10 in Maces & Flails
  4624 | D:6      | Found a staircase to the Ecumenical Temple.
  4634 | Temple   | Entered the Ecumenical Temple
  4645 | Temple   | Became a worshipper of Fedhas Madash
  4985 | D:6      | Reached skill level 1 in Fighting
  4985 | D:6      | Reached skill level 1 in Dodging
  5099 | D:6      | Learned a level 2 spell: Scorch
  5485 | D:6      | Reached skill level 1 in Fire Magic
  5717 | D:6      | Reached XP level 9. HP: 68/68 MP: 7/10
  5830 | D:6      | Found a radiant altar of Vehumet.
  6121 | D:7      | Reached * piety under Fedhas
  6139 | D:7      | Noticed Pikel
  6158 | D:7      | Killed Pikel
  6159 | D:7      | Reached skill level 11 in Maces & Flails
  6397 | D:7      | Found a sand-covered staircase.
  6410 | Ossuary  | Entered an ossuary
  6622 | Ossuary  | Reached ** piety under Fedhas
  6884 | Ossuary  | Noticed Menkaure
  6893 | Ossuary  | Killed Menkaure
  7048 | D:7      | Reached *** piety under Fedhas
  7063 | D:7      | Found an iron altar of Okawaru.
  7075 | D:7      | Noticed Joseph
  7089 | D:7      | Killed Joseph
  7090 | D:7      | Reached XP level 10. HP: 56/80 MP: 11/11
  7362 | D:7      | Noticed Jeremiah
  7396 | D:7      | Jeremiah changed into Jeremiah the wind drake
  7396 | D:7      | Noticed Jeremiah
  7422 | D:7      | Killed from afar by Jeremiah the wind drake

Illustrated notes

Levels and vault maps discovered:
D:1:      minmay_arrival_hallway, layout_basic
D:2:      layout_basic, basic_altar, uniq_jessica
D:3:      kennysheep_goblin_castle, layout_loops_corners,
          grunt_gozag_breadcrumbs, lemuel_crystal_altar,
          mainiacjoe_overflow_swirl, shapermc_ecumenical_altar_rom_forum,
          minmay_misc_feat_tower, saegor_snake_ambush, uniq_ijyb
D:4:      layout_basic
D:5:      layout_loops_ring, general_overflow_altar, hangedman_decor_slide_cut,
          kennysheep_donut
D:6:      minmay_razor_zed, layout_basic, mainiacjoe_overflow_cross_hatched,
          minmay_temple_entry_hall
D:7:      layout_loops_cross, okawaru_humans,
          mainiacjoe_ossuary_entry_find_the_door, uniq_jeremiah, uniq_pikel,
          uniq_joseph
Temple:   hellmonk_temple_flake

Skill      XL: |  1  2  3  4  5  6  7  8  9 |
---------------+----------------------------+-----
Maces & Flails | 4 5 6 8 9 10 11 | 11.8
Evocations     | 2 3 |  3.0
Fighting       | 2 4 |  4.6
Dodging        | 2 3 |  3.8
Fire Magic     | 1 3 |  3.3
Shields        | 3 4 |  4.7
Staves         | |  2.0
Stealth        | |  1.0
Spellcasting   | |  1.0
Invocations    | |  1.0

Action                     |  1- 3 |  4- 6 |  7- 9 | 10-12 || total
---------------------------+-------+-------+-------+-------++-------
  Melee: Mace              |    71 |   160 |   309 |    23 ||   563
         Tailslap          |     7 |    15 |    41 |     2 ||    65
  Throw: Dart              |       |    11 |       |       ||    11
   Cast: Scorch            |       |       |     1 |       ||     1
Ability: Breathe Noxious F |       |       |    11 |     1 ||    12
  Evoke: Wand              |       |     7 |    10 |     9 ||    26
    Use: Scroll            |       |     6 |    16 |     2 ||    24
         Potion            |       |       |     1 |       ||     1
   Stab: Sleeping          |     1 |     8 |     6 |       ||    15
         Distracted        |       |       |     2 |       ||     2
         Confused          |       |       |     9 |       ||     9
 Armour: Skin              |    48 |    73 |   114 |    16 ||   251
  Dodge: Dodged            |    24 |    78 |   107 |     9 ||   218
  Block: Buckler           |    18 |    22 |    50 |     2 ||    92
